 Dungeon Crawl Stone Soup version 0.23.2-30-g0e89c35649 (webtiles) character file.

Game seed: 2937758245380662827

3049 Grothbar the Grappler (level 9, -7/75 HPs)
             Began as a Ghoul Gladiator on June 15, 2019.
             Was a Follower of Dithmenos.
             Killed by the air
             ... invoked by Gastronok
              (21 damage)
             ... on level 8 of the Dungeon.
             The game lasted 00:34:14 (7552 turns).

Grothbar the Grappler (Ghoul Gladiator)             Turns: 7552, Time: 00:34:15

Health: -7/75      AC:  6    Str: 20    XL:     9   Next: 87%
Magic:  8/8        EV: 14    Int:  7    God:    Dithmenos [*.....]
Gold:   372        SH:  3    Dex: 11    Spells: 8/8 levels left

rFire    + . .     SeeInvis .     - Unarmed
rCold    + . .     Gourm    .   (no shield)
rNeg     + + +     Faith    .   f - +0 leather armour
rPois    ∞         Spirit   .   g - +0 helmet "Defeedur" {rPois rF+ Regen+ Int+4}
rElec    .         Reflect  +   (no cloak)
rCorr    .         Harm     .   p - +0 pair of gloves
MR       .....                  A - +0 pair of boots
Stlth    +++.......             K - +3 amulet of reflection
HPRegen  0.00/turn              (no ring)
MPRegen  0.11/turn              (no ring)

@: rotting, wreathed by umbra
A: rotting body, claws 1, carnivore, cold resistance 1, negative energy
resistance 3, inhibited regeneration, torment resistance, unbreathing
a: Renounce Religion


You were on level 8 of the Dungeon.
You worshipped Dithmenos.
Dithmenos was aware of your devotion.
You were not hungry.

You visited 1 branch of the dungeon, and saw 8 of its levels.
You also visited: Sewer.

You collected 477 gold pieces.
You spent 105 gold pieces at shops.

Inventory:

Hand Weapons
 j - a +0 hunting sling
Missiles
 c - 3 throwing nets (quivered)
Armour
 a - a +0 leather armour
 b - a +1 helmet
 f - a +0 leather armour (worn)
 g - the +0 helmet "Defeedur" (worn) {rPois rF+ Regen+ Int+4}
   (You found it on level 5 of the Dungeon)

   It affects your intelligence (+4).
   It protects you from fire.
   It protects you from poison.
   It increases your rate of regeneration.
 p - a +0 pair of gloves (worn)
 A - a +0 pair of boots (worn)
Jewellery
 m - an uncursed amulet of guardian spirit
 K - a +3 amulet of reflection (around neck)
Wands
 B - a wand of clouds (5)
 L - a wand of random effects (19)
Scrolls
 e - a scroll of noise {unknown}
 k - a scroll of magic mapping {unknown}
 l - 4 scrolls of enchant armour
 n - a scroll of fear {unknown}
 q - 7 scrolls of teleportation {unknown}
 r - 3 scrolls of immolation {unknown}
 t - 2 scrolls of remove curse
 y - a scroll of enchant weapon {unknown}
 C - a scroll of random uselessness {unknown}
 F - a scroll of acquirement {unknown}
 J - 2 scrolls of amnesia {unknown}
Potions
 h - a potion of degeneration {unknown}
 i - a potion of haste
 o - 4 potions of heal wounds
 u - 3 potions of agility {unknown}
 v - 4 potions of brilliance {unknown}
 w - a potion of berserk rage {unknown}
 x - 2 potions of curing {unknown}
 z - 2 potions of mutation {unknown}
 D - a potion of lignification {unknown}
 E - 2 potions of flight {unknown}
 G - a potion of might {unknown}
 H - a potion of cancellation {unknown}
 I - a potion of ambrosia {unknown}
Comestibles
 d - 20 rations


   Skills:
 * Level 5.7 Fighting
 + Level 1.8 Throwing
 - Level 3.5 Armour
 - Level 5.4 Dodging
 * Level 4.5 Stealth
 + Level 11.0 Unarmed Combat


You had 8 spell levels left.
You didn't know any spells.
Your spell library contained the following spells:

 Spells                   Type           Power        Failure   Level  Hunger
 Sticks to Snakes         Tmut           #.......     63%         2    ###....
 Beastly Appendage        Tmut           Unusable     N/A         1    N/A
 Spider Form              Tmut/Pois      Unusable     N/A         3    N/A
 Ice Form                 Ice/Tmut       Unusable     N/A         4    N/A
 Blade Hands              Tmut           Unusable     N/A         5    N/A

Dungeon Overview and Level Annotations

Branches:
Dungeon (8/15)             Temple (0/1) D:7
   Lair: D:8-11

Altars:
Cheibriados
Dithmenos
Elyvilon
Fedhas
Gozag
Hepliaklqana
Okawaru
Uskayaw
Wu Jian
Xom
Zin

Shops:
D:7 ?

Annotations:
D:8 Gastronok


Innate Abilities, Weirdness & Mutations

Your body is rotting away.
You thrive on raw meat.
You are immune to poison.
You have sharp fingernails.
You are carnivorous and can eat meat at any time.
Your flesh is cold resistant. (rC+)
You are immune to negative energy. (rN+++)
You do not regenerate when monsters are visible.
You are immune to unholy pain and torment.
You can survive without breathing.


Message History

Gastronok is heavily wounded.
Gastronok bites you!
You hit Gastronok.
Gastronok is heavily wounded.
You punch Gastronok!
Gastronok is heavily wounded.
You punch Gastronok!
Gastronok is severely wounded.
Gastronok gurgles, "I'll eat you, I will!"
Gastronok waves his eye-stalks in wide circles.
The air twists around and strikes you!
You completely miss Gastronok.
Gastronok is severely wounded.
You punch Gastronok!
Gastronok is severely wounded.
Gastronok bites you!
* * * LOW HITPOINT WARNING * * *
Gastronok waves his eye-stalks in wide circles.
The air twists around and strikes you!
You die...

### #.. ########. #..
... #........ #.# #..
#.####.#. #.# #.# #.#
#.#. #.# #.#
#####.####.#. #.# #.#
#............
#w###.####.##..####.##
#..........##.## #...
#####@#######.# ####
#.# #.# ## #.# #.# #.
#.#######.# #.
#.......#.# ####.
#######.#.# #.<..
#.#.# #.### #.#.#
##.### #.#.# #.....


You could see Gastronok.

Vanquished Creatures
  Pikel (D:7)
  A hippogriff (D:7)
  A wraith (D:8)
  A hungry ghost (D:8)
  A black bear (D:6)
  A sky beast (D:6)
  Purgy (Sewer)
  An orc warrior (D:8)
  A slave (D:7)
  3 ogres
  4 centaurs
  A big kobold (D:8)
  A bullfrog (D:8)
  A scorpion (D:8)
  5 killer bees (D:8)
  A howler monkey (D:5)
  3 crimson imps
  3 orc priests
  2 jellies
  2 hounds
  An orc wizard (D:7)
  2 iguanas (D:4)
  2 worker ants
  A hound zombie (D:4)
  A worker ant zombie (D:5)
  12 adders
  3 river rats (D:6)
  2 oozes
  4 worms
  2 dart slugs
  2 leopard geckos
  16 orcs
  3 ball pythons
  10 bats
  8 giant cockroaches
  6 hobgoblins
  6 jackals
  7 quokkas
  9 frilled lizards
  A giant cockroach zombie (D:5)
  7 goblins
  12 kobolds
  A leopard gecko skeleton (D:5)
  14 rats
167 creatures vanquished.

Vanquished Creatures (others)
  A quokka (D:6)
1 creature vanquished.

Grand Total: 168 creatures vanquished

Notes
Turn   | Place    | Note
-------+----------+-------------------------------------------
     0 | D:1      | Grothbar the Ghoul Gladiator began the quest for the Orb.
     0 | D:1      | Reached XP level 1. HP: 17/17 MP: 0/0
   138 | D:1      | Reached XP level 2. HP: 14/24 MP: 1/1
   485 | D:1      | Reached XP level 3. HP: 24/29 MP: 2/2
   612 | D:1      | Reached skill level 1 in Armour
  1349 | D:2      | Reached skill level 4 in Unarmed Combat
  1349 | D:2      | Reached XP level 4. HP: 36/36 MP: 3/3
  2170 | D:3      | Found a glowing silver altar of Zin.
  2170 | D:3      | Noticed an angel
  2171 | D:3      | Found a shimmering altar of Xom.
  2351 | D:3      | Reached XP level 5. HP: 35/42 MP: 4/4
  2623 | D:3      | Found a blossoming altar of Fedhas.
  2623 | D:3      | Found an ornate altar of the Wu Jian Council.
  2750 | D:4      | Reached skill level 5 in Unarmed Combat
  2896 | D:5      | Entered Level 5 of the Dungeon
  3167 | D:5      | Got a fine helmet
  3178 | D:5      | Identified the cursed +0 helmet "Defeedur" {rPois rF+
                  | Regen+ Int+4} (You found it on level 5 of the Dungeon)
  3223 | D:5      | Found an iron altar of Okawaru.
  3268 | D:4      | Reached XP level 6. HP: 35/46 MP: 5/5
  3917 | D:5      | Found an opulent altar of Gozag.
  3945 | D:5      | Reached skill level 6 in Unarmed Combat
  4025 | D:5      | Reached XP level 7. HP: 21/56 MP: 3/6
  4116 | D:5      | Found a snail-covered altar of Cheibriados.
  4156 | D:5      | Found a hazy altar of Hepliaklqana.
  4557 | D:6      | Reached skill level 1 in Stealth
  4662 | D:6      | Reached skill level 7 in Unarmed Combat
  4664 | D:6      | Found a glowing drain.
  4668 | Sewer    | Entered a sewer
  4811 | Sewer    | Noticed Purgy
  4824 | Sewer    | Killed Purgy
  5062 | D:6      | Reached XP level 8. HP: 24/63 MP: 3/7
  5286 | D:6      | Reached skill level 8 in Unarmed Combat
  5414 | D:6      | Found a white marble altar of Elyvilon.
  5965 | D:7      | Found a shadowy altar of Dithmenos.
  5970 | D:7      | Became a worshipper of Dithmenos the Shadowed
  5974 | D:7      | Found a staircase to the Ecumenical Temple.
  5990 | D:7      | Noticed Pikel
  6064 | D:7      | Killed Pikel
  6064 | D:7      | Reached skill level 5 in Dodging
  6064 | D:7      | Reached skill level 9 in Unarmed Combat
  6064 | D:7      | Reached XP level 9. HP: 45/72 MP: 5/8
  6108 | D:7      | Found a hide-covered altar of Uskayaw.
  6529 | D:7      | Reached skill level 10 in Unarmed Combat
  6542 | D:7      | Reached skill level 5 in Fighting
  6685 | D:7      | Found Caesev's Magic Scroll Shoppe.
  6688 | D:7      | Bought a scroll of enchant armour for 105 gold pieces
  7251 | D:8      | Reached * piety under Dithmenos
  7463 | D:8      | Reached skill level 11 in Unarmed Combat
  7526 | D:8      | Noticed Gastronok
  7552 | D:8      | Killed from afar by Gastronok

Skill      XL: |  1  2  3  4  5  6  7  8  9 |
---------------+----------------------------+-----
Dodging        | 3 4 5 |  5.4
Armour         | 1 2 3 |  3.5
Unarmed Combat | 4 5 6 7 9 11 | 11.0
Stealth        | 2 4 |  4.5
Fighting       | 3 4 5 |  5.7
Throwing       | |  1.8

Action                   |  1- 3 |  4- 6 |  7- 9 || total
-------------------------+-------+-------+-------++-------
Melee: Unarmed           |   107 |   233 |   418 ||   758
       Punch             |     1 |     3 |    10 ||    14
Evoke: Wand              |       |       |     1 ||     1
  Use: Scroll            |       |     6 |     4 ||    10
       Potion            |       |       |     1 ||     1
 Stab: Sleeping          |       |       |     5 ||     5
       Confused          |       |       |     1 ||     1
  Eat: Chunk             |     5 |    15 |    11 ||    31
Armor: Leather armour    |    34 |    55 |    91 ||   180
Dodge: Dodged            |    65 |   140 |   248 ||   453
Block: Other             |       |       |     9 ||     9
